[Event "*** SCC Grand Prix: Titled Tuesday Blitz"]
[Site "Chess.com"]
[Date "2020.08.25"]
[Round "7"]
[White "vovachesss"]
[Black "Phenix2k"]
[Result "0-1"]
[WhiteElo "2578"]
[BlackElo "2154"]
[TimeControl "180+1"]
[EndTime "11:20:21 PDT"]
[Termination "Phenix2k won by checkmate"]

1. d4 Nf6 2. Nc3 d5 3. Bf4 c5 4. e3 cxd4 5. exd4 a6 6. Nf3 Nc6 7. Ne5 Bd7 8. Be2 Rc8 9. O-O e6 10. Re1 Be7 11. a3 O-O 12. Nxc6 Bxc6 13. Bd3 b5 14.
Re3 Rb8 15. Rh3 Rb7 16. Bxh7+ Nxh7 17. Qh5 f6 18. Qxh7+ Kf7 19. Qh5+ Kg8 20. Qh7+ Kf7 21. Rg3 Rg8 22. Qg6+ Kf8 23. Bh6 Bd6 24. Rf3 Rf7 25. Bf4 Rh8 26. Re1 Bxf4 27. Rxf4 Qd6 28. g3 Rh6 29.
Qg4 Ke7 30. Rf3 g5 31. Rfe3 Bd7 32. Qf3 Kf8 33. Na2 Rfh7 34. Nb4 Kg7 35. Qg2 Rxh2 36. Qxh2 Rxh2 37. Kxh2 a5 38. Nd3 b4 39. axb4 axb4 40. Nc5 Bc8 41. Nxe6+ Kg6 42. Nc5 Qf8 43. Re8 Qh6+ 44.
Kg1 Qh3 45. R1e7 Bg4 46. Rg8+ Kf5 47. Nd3 Bf3 48. Ne1 Qh1# 0-1

[Event "*** SCC Grand Prix: Titled Tuesday Blitz"]
[Site "Chess.com"]
[Date "2020.08.25"]
[Round "7"]
[White "Margarita2907"]
[Black "Speshka"]
[Result "1-0"]
[WhiteElo "2100"]
[BlackElo "2211"]
[TimeControl "180+1"]
[EndTime "11:20:21 PDT"]
[Termination "Margarita2907 won by resignation"]

1. e4 c5 2. Nf3 e6 3. d4 cxd4 4. Nxd4 a6 5. Bd3 Bc5 6. Nb3 Ba7 7. O-O Nc6 8. c3 Nf6 9. Qe2 Qc7 10. N1d2 Ne5 11. Bc2 O-O 12. h3 b5 13. Nf3 Bb7 14. Nbd4 Rac8 15. Nxe5 Qxe5 16. Nf3 Qc7 17. Be3 Bxe3 18.
Qxe3 Qc5 19. Nd4 e5 20. Nf5 Qxe3 21. fxe3 Bxe4 22. Bxe4 Nxe4 23. Ne7+ Kh8 24. Nxc8 Rxc8 25. Rxf7 d6 26. Ra7 h6 27. Rxa6 Kh7 28. Rb6 Rc5 29.
a4 bxa4 30. Rxa4 d5 31. Re6 Rb5 32. Ra2 Nd2 33. Rxe5 Nc4 34. Re8 Nxb2 35. e4 dxe4 36. Rxe4 Nd3 37. Rd2 Rb1+ 38. Kh2 Nc5 39. Re5 Na4 40.
c4 Rc1 41. Rd4 Kg6 42. Ra5 Nc3 43. c5 Ne2 44. Rd6+ Kf5 45. c6+ Ke4 46. Re6+ Kd3 47.
Ra3+ Nc3 48. c7 Kd4 1-0

[Event "*** SCC Grand Prix: Titled Tuesday Blitz"]
[Site "Chess.com"]
[Date "2020.08.25"]
[Round "7"]
[White "kuban1991"]
[Black "Chernobay_Artem"]
[Result "1-0"]
[WhiteElo "2806"]
[BlackElo "2569"]
[TimeControl "180+1"]
[EndTime "11:20:22 PDT"]
[Termination "kuban1991 won on time"]

1. Nf3 Nf6 2. g3 c5 3. Bg2 Nc6 4. O-O g6 5. c4 Bg7 6. Nc3 d5 7.
cxd5 Nxd5 8. d3 O-O 9. Bd2 Nc7 10. a3 b6 11. Rb1 a5 12. Ne4 a4 13. Bc3 e5 14. h4 h6 15. Ned2 Be6 16. Nc4 e4 17. Bxg7 Kxg7 18. Nfd2 b5 19. Ne3 f5 20.
dxe4 f4 21. Nd5 Nxd5 22. exd5 Bxd5 23. Ne4 Nd4 24. e3 f3 25. Nxc5 Ne2+ 26. Kh2 fxg2 27.
Qxe2 Bc4 28. Rfe1 Bxe2 29. Ne6+ Kg8 30. Nxd8 Bd3 31. Ne6 Rxf2 32. Rbd1 Bc4 33. Nf4 g5 34. Nh3 Rxb2 35. hxg5 hxg5 36. Nxg5 Ra7 37. g4 Rc7 38. Kg3 Rc5 39. Ne4 Re5 40. Nf6+ Kg7 41. Nh5+ Rxh5 42. gxh5 b4 43. axb4 a3 44. Rc1 Bb3 45. Rg1 a2 46.
Ra1 Bc2 47. Rxg2 1-0

[Event "*** SCC Grand Prix: Titled Tuesday Blitz"]
[Site "Chess.com"]
[Date "2020.08.25"]
[Round "7"]
[White "reutik"]
[Black "Meri-Arabidze"]
[Result "1-0"]
[WhiteElo "2316"]
[BlackElo "2591"]
[TimeControl "180+1"]
[EndTime "11:20:22 PDT"]
[Termination "reutik won on time"]

1. d4 d5 2. c4 e6 3. Nf3 Nf6 4. Nc3 Nbd7 5. cxd5 exd5 6. Bg5 Be7 7. e3 c6 8. Bd3 O-O 9. Qc2 Re8 10. O-O Ne4 11. Bxe7 Qxe7 12. Bxe4 dxe4 13. Nd2 f5 14. Rae1 Nf6 15.
f3 exf3 16. Nxf3 Ne4 17. Nxe4 Qxe4 18. Qxe4 Rxe4 19. Ne5 Be6 20. a3 g6 21. g3 c5 22. Rf4 Rxf4 23. gxf4 cxd4 24. exd4 Rd8 25. Rd1 Bd5 26. Kf2 Be4 27. Ke3 Rd6 28. Rc1 Rb6 29. b4 Ra6 30. Rc3 Kg7 31. Rc7+ Kg8 32. Nc4 Ra4 33.
Rc8+ Kg7 34. Rc5 b6 35. Re5 Kf6 36. d5 b5 37. Nd6 Rxa3+ 38. Kd4 Rd3+ 39. Kc5 a6 40.
Nxe4+ fxe4 41. Rxe4 Kf5 42. Rd4 Rc3+ 43. Kb6 Rc4 44. Rd2 Rc8 45. Kxa6 Kxf4 46. d6 Ke3 47. Rd1 Rd8 48. Kxb5 g5 49. Kc6 Rb8 50. d7 h5 51. d8=Q Rxd8 52. Rxd8 1-0

[Event "*** SCC Grand Prix: Titled Tuesday Blitz"]
[Site "Chess.com"]
[Date "2020.08.25"]
[Round "7"]
[White "mbojan"]
[Black "szachuspl"]
[Result "1-0"]
[WhiteElo "2779"]
[BlackElo "2508"]
[TimeControl "180+1"]
[EndTime "11:20:22 PDT"]
[Termination "mbojan won by resignation"]

1. e4 g6 2. d4 Bg7 3. Nc3 c5 4. d5 d6 5. Nf3 a6 6. Be2 b5 7. a4 b4 8. Nb1 Nf6 9. Nbd2 O-O 10.
O-O e6 11. dxe6 fxe6 12. Rb1 Nc6 13. b3 d5 14. Bb2 d4 15. Bc1 Qe7 16. Bd3 Bb7 17.
Nc4 e5 18. Bg5 h6 19. Bxf6 Rxf6 20. Nb6 Rd8 21. Nd5 Qd6 22. Nxf6+ Qxf6 23. Qe2 h5 24. Bxa6 Ba8 25. Bc4+ Kh7 26. Bd5 Bh6 27. Nd2 h4 28. h3 Rf8 29. a5 Bb7 30. a6 Bc8 31. Nc4 Bxa6 32. Ra1 Bc8 33. Bxc6 Qxc6 34. Nxe5 Qe6 35. Ra7+ Kh8 36. Ng4 Bf4 37. Rfa1 Re8 38. Ra8 Qc6 39. Qf3 g5 40. e5 Qxf3 41. gxf3 Kg7 42. R1a7+ Kf8 43.
Kg2 Bf5 44. Rxe8+ Kxe8 45. Nf6+ Kd8 46. Ne4 Bxe5 47. Ra5 Bxe4 48. fxe4 Bd6 49. Ra7 Ke8 50.
f3 Be7 51. Kf1 Kf7 52. Ra6 Bf6 53. Ke2 Be7 54. Kd3 Ke8 55. Kc4 Kd7 56. Kd5 1-0

[Event "*** SCC Grand Prix: Titled Tuesday Blitz"]
[Site "Chess.com"]
[Date "2020.08.25"]
[Round "7"]
[White "GMJustin"]
[Black "Kaua18"]
[Result "1-0"]
[WhiteElo "2250"]
[BlackElo "2379"]
[TimeControl "180+1"]
[EndTime "11:20:22 PDT"]
[Termination "GMJustin won by resignation"]

1. e4 c5 2. Nf3 Nc6 3. d4 cxd4 4. Nxd4 Nf6 5. Nc3 e5 6. Nf5 d5 7. exd5 Bxf5 8. dxc6 bxc6 9. Qf3 Qd7 10. Bd3 Bxd3 11. cxd3 Bb4 12. O-O O-O 13. Ne4 Nd5 14. Qh5 f5 15. Ng5 h6 16. Nf3 Rae8 17. a3 Bd6 18.
Bxh6 gxh6 19. Qg6+ Qg7 20. Qxd6 Nf4 21. g3 Re6 22.
Qc5 Qg4 23. Nxe5 Nh3+ 24. Kg2 Qh5 25. Qc4 Rf6 26. Rae1 f4 27. Nd7 f3+ 28. Kh1 Kg7 29. Rxe6 Rf7 30. Qd4+ Kg8 31. Re8+ Kh7 32. Nf6+ Rxf6 33.
Qxf6 Qxe8 34. Qf5+ Kg7 35. Qxh3 Qe2 36. Qg4+ Kf6 37. Kg1 Qxd3 38. Qf4+ Kg6 39. Re1 Qb3 40. Qe4+ Kg7 41. Qe5+ Kg8 42. Qe6+ Kh8 43. Qxb3 1-0

[Event "*** SCC Grand Prix: Titled Tuesday Blitz"]
[Site "Chess.com"]
[Date "2020.08.25"]
[Round "7"]
[White "pooh2012"]
[Black "GustavoJuarezF"]
[Result "1-0"]
[WhiteElo "2425"]
[BlackElo "2063"]
[TimeControl "180+1"]
[EndTime "11:20:22 PDT"]
[Termination "pooh2012 won on time"]

1. d4 Nf6 2. Nc3 g6 3. h4 h5 4. Bg5 Bg7 5. f3 d6 6. Qd2 c6 7. e4 b5 8. a4 b4 9. Nd1 a5 10. Bd3 Ba6 11. Nf2 Qb6 12. Ne2 Nbd7 13. Bxa6 Qxa6 14. Nd3 Rc8 15. c3 c5 16. Kf2 bxc3 17.
bxc3 cxd4 18. cxd4 O-O 19. Rhc1 Qa7 20. Be3 Qa6 21.
Nc3 Rc4 22. Nb5 Rfc8 23. Nb2 Rxc1 24. Rxc1 Rxc1 25. Qxc1 Qb7 26. Nc4 Nb6 27. Nxa5 Qa6 28. Nc6 e6 29. Nxd6 Qxa4 30. d5 Bf8 31. Nxf7 Qa2+ 32.
Kg1 Nc4 33. dxe6 Nxe3 34. Qxe3 Qxe6 35. Nfd8 Qd7 36. Qb3+ Kh7 37. Qf7+ Qxf7 38. Nxf7 Kg7 39. Ng5 Bc5+ 40. Kh2 Nd7 41. Ne6+ Kf6 42. Nxc5 Nxc5 43. Kg3 Nd3 44. Nd4 g5 45. hxg5+ Kxg5 46. Ne6+ Kf6 47. Nf4 Ne1 48. Nxh5+ Kg5 49. Nf4 Nc2 50. Nh3+ Kf6 51. Kf4 Nd4 52. g4 Ne2+ 53. Ke3 Nc1 54. g5+ Ke5 55. f4+ Ke6 56. f5+ Kf7 57. Nf4 1-0

[Event "*** SCC Grand Prix: Titled Tuesday Blitz"]
[Site "Chess.com"]
[Date "2020.08.25"]
[Round "7"]
[White "TigrVShlyape"]
[Black "Bulldog167"]
[Result "0-1"]
[WhiteElo "2836"]
[BlackElo "2695"]
[TimeControl "180+1"]
[EndTime "11:20:23 PDT"]
[Termination "Bulldog167 won by resignation"]

1. d4 Nf6 2. Nf3 e6 3. Bf4 b6 4. e3 Bb7 5. h3 Be7 6. a4 a6 7.
Nbd2 O-O 8. Bd3 c5 9. O-O cxd4 10. exd4 d6 11. Re1 Nbd7 12. Bh2 Re8 13. a5 b5 14. c4 bxc4 15. Nxc4 Qb8 16. Nfd2 Bd5 17. Bf1 Rc8 18. Re3 Ne8 19. b3 Rc7 20. Ra4 Qa7 21. Nf3 Rb8 22. Bg3 h6 23. Kh2 Rcb7 24. Nfd2 Rb4 25. Rxb4 Rxb4 26. Qa1 Bf6 27. Qa3 Qb8 28. Nb6 Rxb6 29. axb6 Bxd4 30. Rd3 Bxb6 31. b4 Ne5 32. Rc3 Nc7 33.
Bxa6 Bd4 34. Rc1 Nxa6 35. Qxa6 Qxb4 36. Qc8+ Kh7 37. Qc2+ f5 38. Rb1 Qc3 39. Qxc3 Bxc3 40. Nf1 g5 41. f3 Bd4 42. Rd1 Bc5 43. Rd2 Kg6 44. Bf2 Bxf2 45. Rxf2 Kf6 46. Ne3 Bc6 47.
h4 f4 48. hxg5+ hxg5 49. Nc2 g4 50. Rd2 gxf3 51. Nd4 fxg2 52. Nxc6 Nf3+ 0-1

[Event "*** SCC Grand Prix: Titled Tuesday Blitz"]
[Site "Chess.com"]
[Date "2020.08.25"]
[Round "7"]
[White "FMalexhdez"]
[Black "AntonovaNadezhda"]
[Result "0-1"]
[WhiteElo "2161"]
[BlackElo "2036"]
[TimeControl "180+1"]
[EndTime "11:20:23 PDT"]
[Termination "AntonovaNadezhda won on time"]

1. e4 d6 2. d4 Nf6 3. Nc3 e5 4. Nf3 Nbd7 5. Be2 Be7 6. O-O O-O 7.
h3 c6 8. a4 b6 9. Re1 Bb7 10. Bf1 a6 11. g3 b5 12. axb5 axb5 13. Rxa8 Qxa8 14. dxe5 dxe5 15. Qe2 b4 16. Nd1 c5 17.
Nd2 Re8 18. b3 Nf8 19. Bb2 Bd6 20. Nc4 Bc7 21. Bg2 Ba6 22. Nde3 Ne6 23. Nd5 Nd7 24. Qg4 Bxc4 25. Nxc7 Nxc7 26. Qxd7 Qa2 27. bxc4 Qxb2 28. Qxc7 Qxc2 29. Qd7 Rf8 30. Bf1 Qc3 31. Rd1 h6 32.
Qd3 Qb2 33. Rb1 Qd4 34. Qxd4 exd4 35. f4 Ra8 36. Kf2 Ra3 37. e5 f6 38. exf6 gxf6 39. Bg2 Kf7 40. Bd5+ Ke7 41. Re1+ Kd6 42. f5 Kc7 43. Re7+ Kd8 44. Re6 Ra2+ 0-1

[Event "*** SCC Grand Prix: Titled Tuesday Blitz"]
[Site "Chess.com"]
[Date "2020.08.25"]
[Round "7"]
[White "pastouche06"]
[Black "JoliyRoger"]
[Result "1-0"]
[WhiteElo "2511"]
[BlackElo "2367"]
[TimeControl "180+1"]
[EndTime "11:20:24 PDT"]
[Termination "pastouche06 won on time"]

1. d4 Nf6 2. c4 e6 3. Nc3 Bb4 4. e3 c5 5. Ne2 cxd4 6. exd4 d5 7. a3 Bxc3+ 8. Nxc3 Nc6 9. c5 Ne4 10. Nxe4 dxe4 11.
Be3 O-O 12. g3 Ne7 13. Bg2 f5 14. Bf4 Nd5 15. Be5 Bd7 16. O-O Bc6 17. Qd2 Qd7 18. Rfe1 Rad8 19. f3 exf3 20. Bxf3 Ne7 21. Bxc6 Qxc6 22.
Bd6 Rxd6 23. cxd6 Qxd6 24. Qe3 Rf6 25. Qe5 Qd7 26. Rac1 Nc6 27. Qe3 Nxd4 28. Kf2 Qd5 29. Rcd1 f4 30. Qxd4 fxg3+ 31. Ke2 Rf2+ 32. Kd3 Qb3+ 33.
Ke4 Qf3+ 34. Ke5 Qf6+ 35. Kd6 Qd8+ 36. Kc5 Qb6+ 37. Kc4 Rc2+ 38. Kd3 Qb3+ 39. Ke4 gxh2 40. Qd8+ Kf7 41. Rf1+ Kg6 42. Rg1+ hxg1=Q 43. Rxg1+ Kf7 44. Qd7+ Kf6 45. Rf1+ 1-0

[Event "*** SCC Grand Prix: Titled Tuesday Blitz"]
[Site "Chess.com"]
[Date "2020.08.25"]
[Round "7"]
[White "ShadowJolteon"]
[Black "Morshynska"]
[Result "1-0"]
[WhiteElo "2434"]
[BlackElo "2180"]
[TimeControl "180+1"]
[EndTime "11:20:27 PDT"]
[Termination "ShadowJolteon won by checkmate"]

1. d4 d5 2. c4 c6 3. Nf3 Nf6 4. Nc3 dxc4 5. a4 Bf5 6. e3 e6 7. Bxc4 Bb4 8. O-O O-O 9. Qb3 a5 10. Na2 Nd5 11. Nxb4 Nxb4 12. Bd2 Qb6 13. Ne5 c5 14. dxc5 Qxc5 15. Bc3 N8c6 16. Nxc6 bxc6 17. Rac1 Rab8 18. Bd4 Qe7 19. Be5 Rb7 20. Qc3 f6 21.
Bg3 Kh8 22. Rfd1 e5 23. f3 h5 24. e4 Bc8 25. Bf2 g5 26. Bb3 Qg7 27. Bc5 Re8 28. Rd6 g4 29. f4 h4 30. fxe5 fxe5 31. Rf1 g3 32. Rff6 gxh2+ 33. Kxh2 Qg4 34. Rh6+ Rh7 35. Rxh7+ Kxh7 36. Qc4 Qf4+ 37. Kg1 Rf8 38. Rd3 Qf1+ 39. Kh2 Qf4+ 40. Kg1 Qf1+ 41. Kh2 Qf4+ 42. Kh1 Bg4 43. Bxf8 Qf1+ 44. Kh2 Qf4+ 45. Kg1 Qg3 46. Qg8# 1-0

[Event "*** SCC Grand Prix: Titled Tuesday Blitz"]
[Site "Chess.com"]
[Date "2020.08.25"]
[Round "7"]
[White "Cambek64"]
[Black "tylityli"]
[Result "0-1"]
[WhiteElo "2331"]
[BlackElo "2211"]
[TimeControl "180+1"]
[EndTime "11:20:28 PDT"]
[Termination "tylityli won by checkmate"]

1. e4 e5 2. Nf3 Nc6 3. Bb5 a6 4.
Bxc6 dxc6 5. O-O Ne7 6. d3 Ng6 7. Nc3 Bd6 8. Be3 c5 9. Ne2 O-O 10. Nd2 f5 11. exf5 Bxf5 12. Ne4 Qe7 13. f3 b5 14. Qe1 b4 15. Qf2 Bxe4 16. dxe4 c4 17. Rfd1 a5 18. Rd5 a4 19. Rad1 Ra6 20. Ng3 Nh4 21. Qe2 Rc6 22. Ra5 a3 23. bxa3 bxa3 24.
Rb1 Qe6 25. Rab5 h6 26. h3 Qg6 27. Kh2 Qf6 28. Rd5 Qe6 29. Rbb5 c3 30. Rb3 Kh7 31. Rdb5 Be7 32. Qd3 Nxf3+ 33. gxf3 Rxf3 34. Kg2 Qf7 35. Rxe5 Bd6 36. Nf5 Rxe3 37. Qxe3 Bxe5 38. Rxa3 Rg6+ 39. Kf1 Qc4+ 40. Qd3 Qxd3+ 41. cxd3 c2 42. d4 c1=Q+ 43. Ke2 Qxa3 44. dxe5 Qxa2+ 45. Ke3 Rg2 46. e6 Qd2+ 47. Kf3 Qf2# 0-1

[Event "*** SCC Grand Prix: Titled Tuesday Blitz"]
[Site "Chess.com"]
[Date "2020.08.25"]
[Round "7"]
[White "Harsha_Bharathakoti"]
[Black "Flawless_Fighter"]
[Result "1-0"]
[WhiteElo "2813"]
[BlackElo "2571"]
[TimeControl "180+1"]
[EndTime "11:20:30 PDT"]
[Termination "Harsha_Bharathakoti won by checkmate"]

1. Nf3 Nf6 2. d4 g6 3. Nbd2 Bg7 4. e4 d6 5. c3 O-O 6. Bd3 Nbd7 7. O-O e5 8. Re1 c6 9. h3 Re8 10. b3 Nf8 11. dxe5 dxe5 12. Nc4 Nh5 13. Ba3 Nf4 14. Bf1 Qf6 15. Nh2 h5 16. Qc2 N8e6 17. Nd6 Rd8 18. Nxc8 Raxc8 19. g3 Ng5 20. gxf4 exf4 21. e5 Qe6 22. h4 Nh3+ 23. Kh1 f3 24. Re4 Bh6 25. Nxf3 Nf4 26. Rxf4 Bxf4 27. Qe4 Qg4 28. Bg2 Rd7 29. Rg1 Bh6 30. Qe2 Qf4 31. Bc1 Qxc1 32. Rxc1 Bxc1 33. Bh3 Rcd8 34. Bxd7 Rxd7 35. e6 Re7 36. Qd1 Bh6 37.
Qd8+ Bf8 38. exf7+ Rxf7 39. Kg2 Rf5 40. Qd7 Rf4 41. Qe6+ Kg7 42. Ng5 Rf6 43. Qd7+ Kg8 44. Qh7# 1-0

[Event "*** SCC Grand Prix: Titled Tuesday Blitz"]
[Site "Chess.com"]
[Date "2020.08.25"]
[Round "7"]
[White "JuliaEfremova"]
[Black "Unkreativ3"]
[Result "1-0"]
[WhiteElo "2351"]
[BlackElo "2487"]
[TimeControl "180+1"]
[EndTime "11:20:30 PDT"]
[Termination "JuliaEfremova won by checkmate"]

1. e4 c5 2. Nf3 Nc6 3. d4 cxd4 4. Nxd4 g6 5. Nc3 Bg7 6. Be3 Nf6 7. Be2 O-O 8. O-O d5 9. exd5 Nb4 10. Bf3 Nbxd5 11. Nxd5 Nxd5 12. Bxd5 Qxd5 13. c3 Rd8 14. Qb3 e5 15. Nb5 Qc6 16. Nxa7 Qa6 17. Nxc8 Raxc8 18. Rad1 Bf8 19. Bg5 Rxd1 20. Rxd1 Qc6 21. Qd5 h6 22.
Qxc6 Rxc6 23. Be3 Kg7 24. Rd7 Rd6 25. Rxd6 Bxd6 26. Kf1 h5 27. Ke2 Kf6 28. Kd3 Ke6 29. Kc4 f5 30. f3 Kd7 31. Kd5 Bc7 32. c4 Bd6 33. c5 Bc7 34. b4 Bb8 35. b5 e4 36.
fxe4 Bxh2 37. exf5 gxf5 38. c6+ bxc6+ 39. bxc6+ Kc8 40. a4 h4 41. a5 f4 42. Bf2 Bg3 43. Bg1 f3 44. gxf3 h3 45. a6 Kb8 46. a7+ Ka8 47.
Ke6 h2 48. Bxh2 Bxh2 49. Kd7 Kxa7 50. c7 Bg1 51. c8=Q Bb6 52. Kc6 Bc5 53. Qb7# 1-0

[Event "*** SCC Grand Prix: Titled Tuesday Blitz"]
[Site "Chess.com"]
[Date "2020.08.25"]
[Round "7"]
[White "Violord"]
[Black "Anton_Demchenko"]
[Result "0-1"]
[WhiteElo "2659"]
[BlackElo "2848"]
[TimeControl "180+1"]
[EndTime "11:20:31 PDT"]
[Termination "Anton_Demchenko won by resignation"]

1. e4 e5 2. Nf3 Nc6 3. Bb5 a6 4. Ba4 Nge7 5. c3 d6 6. d4 Bd7 7. h4 Ng8 8. h5 h6 9. Nbd2 Nf6 10. d5 Ne7 11. c4 b5 12. Bc2 Rb8 13. b3 Bg4 14. cxb5 axb5 15. Qe2 Nxh5 16. g3 Nf6 17. a4 bxa4 18. bxa4 g6 19. a5 Bg7 20. Ba4+ Bd7 21.
Nc4 Bxa4 22. Rxa4 Qd7 23. Ra1 g5 24. Nfd2 O-O 25. Qd3 Rfd8 26. a6 Ra8 27. Ke2 Rdb8 28. Bb2 Rb5 29. Ra2 Ra7 30. Rha1 h5 31. Ne3 Rb8 32. Bc3 Rba8 33. Bb4 h4 34. gxh4 Ng6 35. Qc4 Nf4+ 36. Kd1 gxh4 37. Kc2 h3 38. Nf5 Bf8 39. Rg1+ Kh7 40. Rh1 N6xd5 41. Qxd5 Nxd5 42. Rxh3+ Kg6 43. Rg3+ Kf6 44. Ba3 Rxa6 45. Nc4 Qa4+ 46. Kd3 Qb3+ 47. Kd2 Qxa2+ 0-1

[Event "*** SCC Grand Prix: Titled Tuesday Blitz"]
[Site "Chess.com"]
[Date "2020.08.25"]
[Round "7"]
[White "Rodalquilar"]
[Black "colegiodemadrid"]
[Result "1-0"]
[WhiteElo "2630"]
[BlackElo "2429"]
[TimeControl "180+1"]
[EndTime "11:20:31 PDT"]
[Termination "Rodalquilar won by resignation"]

1. d4 d5 2. Bg5 f6 3. Bd2 c6 4. Nf3 Nd7 5. c4 e5 6. cxd5 cxd5 7. dxe5 fxe5 8. e4 dxe4 9. Ng5 Nc5 10. Nxe4 Nxe4 11.
Qa4+ Bd7 12. Qxe4 Bd6 13. Bc4 Nf6 14. Qh4 b5 15. Bb3 a5 16. a4 b4 17. O-O Qe7 18.
Bg5 Rc8 19. Nd2 Bf5 20. Rfe1 Be6 21. Ne4 O-O 22. Qg3 Kh8 23. Rad1 Bb8 24. Bh4 Nxe4 25. Bxe7 Nxg3 26. Bxe6 Ba7 27. Bxf8 Rxf8 28. hxg3 Bxf2+ 29. Kh2 Bxe1 30. Rxe1 Rf2 31. Rxe5 Rxb2 32. Rxa5 g6 33. Ra8+ Kg7 34. Rb8 Kf6 35. Bd5 h5 36. a5 Ke5 37.
Bc4 Kd4 38. a6 Kxc4 39. a7 Ra2 40. a8=Q Rxa8 41. Rxa8 b3 42. Rc8+ Kd3 43. Rd8+ Kc2 44. Rc8+ Kd3 45. Rb8 Kc2 46. Kh3 g5 47. g4 h4 48. g3 hxg3 49. Kxg3 b2 50. Kf3 b1=Q 51. Rxb1 Kxb1 52. Ke4 Kc2 53. Kf5 Kd3 54. Kxg5 Ke4 55. Kf6 1-0

[Event "*** SCC Grand Prix: Titled Tuesday Blitz"]
[Site "Chess.com"]
[Date "2020.08.25"]
[Round "7"]
[White "Gloomy_Wanderer"]
[Black "bocah_sakit"]
[Result "1-0"]
[WhiteElo "2767"]
[BlackElo "2628"]
[TimeControl "180+1"]
[EndTime "11:20:34 PDT"]
[Termination "Gloomy_Wanderer won on time"]

1. d4 Nf6 2. Nf3 g6 3. c4 Bg7 4. g3 O-O 5. Bg2 d6 6. O-O Nc6 7. Nc3 e5 8. dxe5 dxe5 9. Bg5 Be6 10. Nd2 Qc8 11. Nd5 Nd7 12. b4 h6 13. Be3 Re8 14. Rc1 Nd8 15. Qc2 c6 16. Nc3 f5 17. Rfd1 Nf7 18. b5 e4 19. f3 Nfe5 20. Bd4 exf3 21. exf3 Nxc4 22. Nxc4 Bxc4 23. Bxg7 Kxg7 24. f4 cxb5 25. Qb2 Nf6 26. Kh1 a6 27. Nd5 Rf8 28. Nb6 Qc7 29. Rd7+ Qxd7 30. Nxd7 Rf7 31. Nxf6 Rxf6 32.
Rd1 Rf8 33. Rd7+ Kg8 34. Bd5+ Bxd5+ 35. Rxd5 R8f7 36. Qd4 Kh7 37. Kg2 h5 38. Rd7 Kg8 39. Qd5 Kg7 40. Rd8 Kh7 41. Rb8 b6 42. Rb7 Rxb7 43. Qxb7+ Kh6 44. Qxa6 Rc6 45. Kh3 Re6 46. Qxb5 Kg7 47. Qb2+ Kf7 48. Qb3 Kf6 49. Qd5 Re2 50.
Qd8+ 1-0

[Event "*** SCC Grand Prix: Titled Tuesday Blitz"]
[Site "Chess.com"]
[Date "2020.08.25"]
[Round "7"]
[White "VinzentSpitzl"]
[Black "stolencandy13"]
[Result "0-1"]
[WhiteElo "2373"]
[BlackElo "2511"]
[TimeControl "180+1"]
[EndTime "11:20:34 PDT"]
[Termination "stolencandy13 won by resignation"]

1. e4 c6 2. Nf3 d5 3. Nc3 Bg4 4.
h3 Bxf3 5. Qxf3 Nf6 6. g3 e6 7.
Bg2 dxe4 8. Nxe4 Nxe4 9. Qxe4 Qd5 10. O-O Qxe4 11. Bxe4 Nd7 12. d4 O-O-O 13. c3 Bd6 14. Be3 Kb8 15. a4 Rhe8 16. a5 a6 17. b4 e5 18. d5 Nf6 19. Bg2 Nxd5 20. Bb6 Nxb6 21. axb6 e4 22. Rfe1 f5 23. Bf1 Be5 24. Ra3 Rd2 25.
c4 Bd4 26. Re2 Rxe2 27. Bxe2 Bxb6 28. c5 Bc7 29. Bc4 Rd8 30. Kf1 g6 31. Ke2 Rd4 32. Rc3 Be5 33. Rc2 Kc7 34. Bg8 Rd7 35. Rd2 Rg7 36. Be6 Bc3 37. Rc2 Bxb4 38. Ke3 Re7 39. Bg8 h6 40. Kf4 a5 41. h4 a4 42. h5 gxh5 43. Kxf5 e3 44. fxe3 Rxe3 45. Kf4 Re1 46. Kf3 a3 47. Ba2 Re5 48. Kf4 Rxc5 49. Re2 Bc3 50. Re7+ Kb6 51. Re8 Bd2+ 52. Kf3 Rc2 53. Bb3 Rb2 54. Bc4 Bc3 55. Ra8 Rb4 56. Bg8 Bb2 57.
Ke2 Kc5 58. Kd3 b5 59. Ra6 Ra4 60. Rxa4 bxa4 61. Ba2 Kb4 62. Bg8 Be5 63. Ba2 Bxg3 64.
Bf7 h4 65. Be6 h3 66. Bxh3 a2 0-1

[Event "*** SCC Grand Prix: Titled Tuesday Blitz"]
[Site "Chess.com"]
[Date "2020.08.25"]
[Round "7"]
[White "kasparicy"]
[Black "ChessSwole"]
[Result "0-1"]
[WhiteElo "2331"]
[BlackElo "2445"]
[TimeControl "180+1"]
[EndTime "11:20:34 PDT"]
[Termination "ChessSwole won by resignation"]

1. e4 d5 2. exd5 Qxd5 3. Nf3 Qd6 4. d4 Nf6 5. Be2 g6 6. O-O Bg7 7.
c4 O-O 8. Nc3 a6 9. h3 Bf5 10.
Be3 Nc6 11. Qb3 b6 12. Rad1 Rad8 13. c5 Qd7 14. cxb6 cxb6 15. Qxb6 Rb8 16. Qc5 Nb4 17.
Ne5 Qd6 18. a3 Nc2 19. b4 Rfc8 20. Qxd6 exd6 21. Nc4 d5 22. Bf4 dxc4 23. Bxb8 Rxb8 24. Na4 Nxa3 25. Nc5 Rxb4 26. Nxa6 Rb2 27. Rfe1 Bf8 28. d5 Bc2 29. Ra1 Nxd5 30. Bf3 Nf6 31. Nc7 Bd3 32.
Ne8 Nxe8 33. Rxe8 Rb1+ 34. Rxb1 Nxb1 35. Bd5 Nc3 36. Bxc4 Bxc4 37. Rc8 Ne2+ 38. Kf1 Be6 39. Re8 Nd4 40. g4 Kg7 41. f4 Nb5 42. Rb8 Nd6 43. Kg2 f5 44. Kg3 Be7 45. Ra8 Kf7 46. Ra7 Ne4+ 47. Kf3 Bd5 48. Ke3 Nd6 49. Kd4 Be6 50. Ke5 Nc4+ 51. Kd4 Nd6 52. Ke5 Nc4+ 53. Kd4 Nb6 54. Ke5 Nd7+ 55. Kd4 Bc5+ 56. Kd3 Bxa7 0-1

[Event "*** SCC Grand Prix: Titled Tuesday Blitz"]
[Site "Chess.com"]
[Date "2020.08.25"]
[Round "7"]
[White "tan275"]
[Black "Sn00pPawn"]
[Result "1-0"]
[WhiteElo "2197"]
[BlackElo "2010"]
[TimeControl "180+1"]
[EndTime "11:20:34 PDT"]
[Termination "tan275 won on time"]

1. d4 d5 2. c4 e6 3. g3 Nf6 4.
Nf3 dxc4 5. Bg2 Nc6 6. O-O Rb8 7. e3 Bd6 8. Qe2 b5 9. a4 a6 10. axb5 axb5 11. b3 Bd7 12. bxc4 bxc4 13. Na3 c3 14. Nc4 Bb4 15. Ba3 O-O 16. Rfc1 Nd5 17. Bxb4 Ncxb4 18. e4 Bb5 19. exd5 exd5 20. Nfe5 f6 21. Qg4 dxc4 22. Qe6+ Kh8 23. Nf7+ Rxf7 24. Qxf7 Qxd4 25. Qxc7 Rd8 26. Ra7 Qd7 27. Qxd7 Bxd7 28. Rxc3 Be6 29. Bf1 Nd3 30. Re7 Bg8 31. Re3 h6 32. Bxd3 cxd3 33. Rexd3 Rb8 34. Rc7 Rb1+ 35. Kg2 Be6 36. Rd2 Rb5 37. h4 Kh7 38. Kh2 h5 39. Re2 Bg4 40. Ree7 Kg6 41. Rxg7+ Kf5 42. Kg2 Rb2 43. Rc5+ Ke6 44.
Rgc7 Kd6 45. Rc2 1-0

[Event "*** SCC Grand Prix: Titled Tuesday Blitz"]
[Site "Chess.com"]
[Date "2020.08.25"]
[Round "7"]
[White "Grandmaster2B"]
[Black "Shushik"]
[Result "1-0"]
[WhiteElo "2408"]
[BlackElo "2250"]
[TimeControl "180+1"]
[EndTime "11:20:35 PDT"]
[Termination "Grandmaster2B won by checkmate"]

1. e4 e5 2. Nf3 Nc6 3. Bb5 Nf6 4. O-O Nxe4 5. Re1 Nd6 6. Nxe5 Be7 7. Bf1 O-O 8. d4 Bf6 9. c3 Re8 10. Bf4 Nf5 11.
Bd3 d6 12. Nf3 g6 13. Nbd2 Bg7 14. Bg5 Rxe1+ 15. Qxe1 Qf8 16. Ne4 h6 17. Bf6 Bd7 18. Bxg7 Qxg7 19. Qd2 g5 20. Ng3 Nxg3 21. hxg3 Re8 22.
Re1 Rxe1+ 23. Qxe1 f5 24. b4 a6 25. a4 Ne7 26. b5 axb5 27. axb5 c6 28. Qa1 Kh7 29. Qa8 cxb5 30. Qxb7 Bc6 31. Bxf5+ Nxf5 32. Qxc6 Qe7 33.
Qxb5 Kg6 34. Qd3 Kf6 35. Nh2 Qe1+ 36. Nf1 d5 37. Qa6+ Kf7 38. Qb7+ Ke6 39. Qc8+ Kf6 40.
Qf8+ Kg6 41. Qc5 Kf6 42. Qxd5 Qxc3 43. Qe5+ Kg6 44. Qe6+ Kh5 45. Qxf5 Qxd4 46. Qf7+ Kg4 47. Qf3# 1-0

[Event "*** SCC Grand Prix: Titled Tuesday Blitz"]
[Site "Chess.com"]
[Date "2020.08.25"]
[Round "7"]
[White "Taron_Shagbazyan"]
[Black "dopolian"]
[Result "1/2-1/2"]
[WhiteElo "2647"]
[BlackElo "2484"]
[TimeControl "180+1"]
[EndTime "11:20:36 PDT"]
[Termination "Game drawn by repetition"]

1. d4 Nf6 2. c4 e6 3. Nc3 d5 4. Bg5 Be7 5. cxd5 exd5 6. e3 O-O 7. Bd3 c6 8. Qc2 Nbd7 9. Nge2 Re8 10. O-O Nf8 11.
Rae1 h6 12. Bh4 Ne6 13. f3 c5 14. dxc5 Bxc5 15. Kh1 Bxe3 16. Bxf6 Qxf6 17. Nxd5 Qg5 18. Nxe3 Qxe3 19. Ng3 Qg5 20. Nf5 Rd8 21. Be4 Nf4 22. Ng3 Be6 23. Bxb7 Rab8 24. Be4 Bxa2 25. Ra1 Bb3 26. Qf2 a5 27. Rfc1 a4 28. Rc5 Qf6 29.
h3 Qb6 30. Kg1 Ne6 31. Rc6 Qxf2+ 32. Kxf2 Rd2+ 33. Ke3 Rxb2 34. f4 Re8 35. Nf5 Nd8 36.
Rc8 g6 37. Nd6 Rf8 38. f5 g5 39. h4 f6 40. hxg5 hxg5 41. Ra8 Nf7 42. Nxf7 Rxa8 43.
Nh6+ Kg7 44. Bxa8 Kxh6 45. Bc6 Kh5 46. Kf3 Kh6 47. Bxa4 Bxa4 48. Rxa4 Rb3+ 49. Kg4 Rb6 50. Ra8 Rb4+ 51. Kg3 Rf4 52. Ra5 Kg7 53. Kh3 Kf7 54. g4 Rf3+ 55. Kg2 Rb3 56. Ra7+ Kf8 57. Ra6 Kf7 58.
Ra7+ Kf8 59. Ra6 Kf7 60. Ra7+ 1/2-1/2